 Dungeon Crawl Stone Soup version 0.28-a0-683-ga8797d1ae1 (webtiles) character file.

Game seed: 16908699602678000475

133 ytrimaz the Skirmisher (level 5, -2/43 HPs)
             Began as a Formicid Fighter on Oct 18, 2021.
             Was an Initiate of Okawaru.
             Slain by a gnoll (3 damage)
             ... on level 4 of the Dungeon.
             The game lasted 00:03:19 (2198 turns).

ytrimaz the Skirmisher (Formicid Fighter)           Turns: 2198, Time: 00:03:20

Health: -2/43      AC:  6    Str: 22    XL:     5   Next: 39%
Magic:  5/5        EV:  9    Int:  7    God:    Okawaru [......]
Gold:   134        SH:  4    Dex: 10    Spells: 4/4 levels left

rFire   . . .      SeeInvis +   a - +0 war axe
rCold   . . .      Faith    .   c - +0 buckler
rNeg    . . .      Spirit   .   b - +0 scale mail
rPois   .          Reflect  .   (helmet unavailable)
rElec   .          Harm     .   (no cloak)
rCorr   .          Rampage  .   (no gloves)
Will    .....                   (no boots)
Stlth   ..........              (no amulet)
HPRegen 0.14/turn               (no ring)
MPRegen 0.09/turn               (no ring)

@: mighty, lit by a corona, glowing
A: permanent stasis, dig shafts and tunnels, antennae 3, four strong arms
a: Dig, Shaft Self, Renounce Religion


You were on level 4 of the Dungeon.
You worshipped Okawaru.
Okawaru was noncommittal.
You visited 1 branch of the dungeon, and saw 4 of its levels.

You collected 134 gold pieces.

Inventory:

Hand Weapons
 a - a +0 war axe (weapon)
 e - a +3 hand axe
Armour
 b - a +0 scale mail (worn)
 c - a +0 buckler (worn)
Wands
 m - a wand of iceblast (10)
Scrolls
 f - a scroll of acquirement {unknown}
 g - a scroll of holy word
 l - a scroll of torment {unknown}
 o - a scroll of teleportation {unknown}
Potions
 i - a potion of mutation {unknown}
 j - a potion of heal wounds {unknown}
 k - a potion of resistance {unknown}
 n - a potion of flight {unknown}


   Skills:
 * Level 4.4 Fighting
 * Level 4.3 Axes
 - Level 3.2 Armour
 - Level 3.6 Shields
 * Level 0.9 Invocations


You had 4 spell levels left.
You didn't know any spells.
Your spell library was empty.

Dungeon Overview and Level Annotations

Branches:
Dungeon (4/15)
 Temple: D:4-7

Altars:
Okawaru

Annotations:
D:3 1 runed translucent door, bande's ghost, amateur GrFi


Innate Abilities, Weirdness & Mutations

You cannot be hasted, slowed, berserked, paralysed or teleported.
You can dig through walls and to a lower floor.
You have a pair of large antennae on your head. (SInv)
Your four strong arms can wield two-handed weapons with a shield.


Message History

The gnoll shaman is almost dead.
The gnoll shaman calls upon its god to speed up the gnoll.
The gnoll seems to speed up.
You closely miss the gnoll shaman.
The gnoll shaman is almost dead.
The gnoll shaman calls upon its god to heal the gnoll.
The gnoll's wounds heal themselves!
The gnoll shaman closely misses you.
You barely miss the gnoll shaman.
The gnoll shaman is almost dead.
The gnoll shaman hits you with a +0 whip!
Unknown command.
You closely miss the gnoll shaman.
The gnoll shaman is almost dead.
You hear a distant slurping noise.
The gnoll shaman calls down the wrath of its god upon you.
You are outlined in light.
Unknown command.
You feel very mighty all of a sudden.
The gnoll shaman hits you with a +0 whip.
You slash the gnoll shaman!
You kill the gnoll shaman!
Okawaru accepts your kill. The gnoll hits you with a +0 whip.
You slash the gnoll!
The gnoll is almost dead.
The gnoll hits you with a +0 whip. The gnoll barely misses you.
The gnoll hits you with a +0 whip.
Unknown command.
Your scale mail prevents you from hitting the gnoll.
The gnoll is almost dead.
The gnoll hits you with a +0 whip.
The gnoll hits you from afar with a +0 halberd!
* * * LOW HITPOINT WARNING * * *
The gnoll hits you with a +0 whip.
* * * LOW HITPOINT WARNING * * *
You are too injured to fight recklessly!
Okay, then.
It was a potion of magic.
Magic courses through your body. The gnoll hits you but does no damage.
The gnoll hits you with a +0 whip.
You die...

.. #+# #.# # ..##
##...
+.♣...###...♣.
.........)...
....>....# ####
#.gg..#
####@g####.♣.##
..###g##.....###
#.####....>....#
#.#<##.............
#......♣...###...♣.
###..#...### ##...
#.###+## #.# #.# ..
#.#


You could see 2 gnolls.

Vanquished Creatures
  A gnoll shaman (D:4)
  A gnoll (D:4)
  A howler monkey zombie (D:3)
  2 adders
  A dart slug (D:1)
  7 ball pythons
  3 bats
  17 endoplasms
  4 giant cockroaches
  8 goblins
  7 hobgoblins
  A kobold (D:1)
  A quokka (D:1)
  2 frilled lizards
  4 rats
60 creatures vanquished.

Vanquished Creatures (others)
  2 fungi (D:2)
  3 plants (D:2)
5 creatures vanquished.

Grand Total: 65 creatures vanquished

Notes
Turn   | Place    | Note
-------+----------+-------------------------------------------
     0 | D:1      | ytrimaz the Formicid Fighter began the quest for the Orb.
     0 | D:1      | Reached XP level 1. HP: 18/18 MP: 1/1
    41 | D:1      | Reached XP level 2. HP: 11/24 MP: 2/2
   367 | D:1      | Reached XP level 3. HP: 21/30 MP: 3/3
  1167 | D:2      | Reached XP level 4. HP: 37/37 MP: 4/4
  1198 | D:2      | Found a faded altar of an unknown god.
  1462 | D:2      | Found an iron altar of Okawaru.
  1489 | D:2      | Became a worshipper of Warmaster Okawaru
  1919 | D:3      | Found a runed translucent door.
  1919 | D:3      | Noticed bande's ghost (amateur GrFi)
  1919 | D:3      | Noticed a centaur
  2183 | D:4      | Reached XP level 5. HP: 43/43 MP: 5/5
  2197 | D:4      | HP: 2/43 [gnoll (12)]
  2198 | D:4      | Slain by a gnoll

Illustrated notes

Levels and vault maps discovered:
D:1:      minmay_arrival_shattered_statue, layout_basic,
          hangedman_decor_growths, minmay_tetromino_s2
D:2:      layout_basic, shapermc_ecumenical_altar_mp_urbaneastern, basic_altar,
          glass_columns_a
D:3:      layout_basic, ebering_ghost_inner_flame
D:4:      layout_basic, mainiacjoe_overflow_cross_hatched, serial_forest,
          infiniplex_forest_corner_1, infiniplex_forest_lined_room_3,
          infiniplex_forest_corner_1, infiniplex_forest_clump_double,
          infiniplex_forest_lined_3, infiniplex_forest_lined_room_2,
          infiniplex_forest_straight_1, infiniplex_forest_zigzag_2,
          infiniplex_forest_end_2, grunt_ministairs_13, uniq_robin, uniq_edmund

Skill      XL: |  1  2  3  4 |
---------------+-------------+-----
Fighting       | 4 |  4.4
Axes           | 3 4 |  4.3
Armour         | |  3.2
Shields        | |  3.6
Invocations    | |  0.9

Action                   |  1- 3 |  4- 6 || total
-------------------------+-------+-------++-------
Melee: War axe           |    53 |    71 ||   124
 Abil: Dig               |       |     1 ||     1
  Use: Scroll            |       |     3 ||     3
       Potion            |       |     2 ||     2
Armor: Scale mail        |    26 |    30 ||    56
Dodge: Dodged            |    20 |    30 ||    50
Block: Buckler           |    12 |    11 ||    23

Table legend: (Time is in decaauts)
 A = Elapsed time spent in this place.
 B = Non-inter-level travel time spent in this place.
 C = Inter-level travel time spent in this place.
 D = Time resting spent in this place.
 E = Time spent auto-exploring this place.
 F = Levels seen in this place.
 G = Mean time per level.
                   A        B        C        D        E       F      G
               +--------+--------+--------+--------+--------+-----+--------+
         Total |   2240 |   2201 |     39 |     34 |   1646 |   4 |  560.0 |
       Dungeon |   2240 |   2201 |     39 |     34 |   1646 |   4 |  560.0 |
               +--------+--------+--------+--------+--------+-----+--------+

Top non-repeatable levels by time:
     D:1: 1131 daAuts
     D:2: 541 daAuts
     D:3: 523 daAuts
     D:4: 43 daAuts
